 Dungeon Crawl Stone Soup version 0.20-a0-945-g3bf614a (webtiles) character file.

113 M4edhros the Insei (level 4, -7/27 HPs)
             Began as an Octopode Necromancer on Apr 2, 2017.
             Killed by divine providence
             ... invoked by an orc priest
              (12 damage)
             ... on level 3 of the Dungeon.
             The game lasted 00:02:55 (685 turns).

M4edhros the Insei (Octopode Necromancer)            Turns: 685, Time: 00:02:56

Health: -7/27      AC:  1    Str:  7    XL:     4   Next: 96%
Magic:  4/7        EV: 13    Int: 17    God:
Gold:   48         SH:  0    Dex: 13    Spells: 2/7 levels left

rFire    . . .     SeeInvis .     - Unarmed
rCold    . . .     Gourm    .   (no shield)
rNeg     . . .     Faith    .   (helmet restricted)
rPois    .         Spirit   .   (no amulet)
rElec    .         Reflect  .   (no ring)
rCorr    .         Harm     .   (no ring)
MR       .....                  (no ring)
Stlth    +++.......             (no ring)
Regen    1.1/turn               (no ring)
MPRegen  0.1/turn               (no ring)
                                (no ring)
                                (no ring)

@: regenerating (expiring)
A: almost no armour, stealthy swim, amphibious, 8 rings, constrict 8, camouflage
1, gelatinous body 1
a: no special abilities


You were on level 3 of the Dungeon.
You were not hungry.

You visited 1 branch of the dungeon, and saw 3 of its levels.

You collected 48 gold pieces.

Inventory:

Armour
 n - a +0 shield
Scrolls
 f - 3 scrolls of identify {unknown}
 i - a scroll of remove curse {unknown}
 j - a scroll of noise {unknown}
Potions
 e - a potion of curing
 h - a potion of lignification {unknown}
 k - a potion of might {unknown}
 l - a potion of flight {unknown}
 m - a potion of cancellation {unknown}
 o - a potion of heal wounds {unknown}
Books
 a - a book of Necromancy

   Spells                             Type                      Level
   a - Pain                           Necromancy                   1
   b - Animate Skeleton               Necromancy                   1
   c - Vampiric Draining              Necromancy                   3
   d - Regeneration                   Charms/Necromancy            3
   e - Animate Dead                   Necromancy                   4
   f - Control Undead                 Necromancy                   4
Comestibles
 b - 2 bread rations
 c - 7 fruits
 d - 5 royal jellies
 g - 11 chunks of flesh


   Skills:
 - Level 2.0 Dodging
 - Level 2.6 Stealth
 + Level 4.3 Unarmed Combat
 - Level 2.0 Spellcasting
 - Level 4.0 Necromancy


You had 2 spell levels left.
You knew the following spells:

 Your Spells              Type           Power        Failure   Level  Hunger
a - Pain                  Necr           ###.         3%          1    #......
b - Animate Skeleton      Necr           N/A          3%          1    #......
c - Regeneration          Chrm/Necr      #.........   24%         3    ###....


Dungeon Overview and Level Annotations

Branches:
Dungeon (3/15)

Altars:


Innate Abilities, Weirdness & Mutations

You cannot wear most types of armour.
You are very stealthy in the water. (Stealth+)
You are amphibious.
You can wear up to eight rings at the same time.
You can use your tentacles to constrict eight enemies at once.
Your skin changes colour to match your surroundings (Stealth+).
Your rubbery body absorbs attacks. (AC +1, EV +1)


Message History

Unknown command.
You closely miss the orc priest. You grab the orc priest.
The orc priest is heavily wounded.
You constrict the orc priest, but do no damage.
Your bullfrog skeleton hits the orc priest but does no damage.
Unknown command.
You tentacle-slap the orc priest.
The orc priest is heavily wounded.
Your skin is crawling a little less now.
You constrict the orc priest. The orc priest hits you.
* * * LOW HITPOINT WARNING * * *
Your bullfrog skeleton hits the orc priest.
The orc hits you with a club.
* * * LOW HITPOINT WARNING * * *
You tentacle-slap the orc priest but do no damage.
The orc priest is severely wounded.
You constrict the orc priest, but do no damage.
The orc priest mumbles some strange prayers to Beogh against you.
Beogh smites you!
You die...

.# #####.# ##
####.....###############.
.........##...........##.
.........##...........##.
.......).##...........##.
.......Z.##..............
.......oo##..............
....##+#@##............<.
. #..'..............
####...........###
...........#####
#########..# #..# ....
...#.# ....#.#


You could see an orc priest, an orc and a friendly bullfrog skeleton.

Vanquished Creatures
  A bullfrog (D:3)
  2 adders
  4 bats
  2 giant cockroaches (D:1)
  5 hobgoblins
  3 jackals (D:1)
  2 quokkas (D:2)
  A ball python (D:3)
  4 goblins
  4 kobolds
  4 rats
32 creatures vanquished.

Vanquished Creatures (collateral kills)
  3 orcs (D:3)
  2 hobgoblins
5 creatures vanquished.

Grand Total: 37 creatures vanquished

Notes
Turn   | Place    | Note
-------+----------+-------------------------------------------
     0 | D:1      | M4edhros the Octopode Necromancer began the quest for the Orb.
     0 | D:1      | Reached XP level 1. HP: 11/11 MP: 3/3
   177 | D:1      | Reached skill level 1 in Unarmed Combat
   181 | D:1      | Reached XP level 2. HP: 17/17 MP: 5/5
   223 | D:1      | Learned a level 1 spell: Animate Skeleton
   365 | D:2      | Reached XP level 3. HP: 9/21 MP: 1/6
   370 | D:2      | Learned a level 3 spell: Regeneration
   576 | D:3      | Noticed a bullfrog
   585 | D:3      | Killed a bullfrog
   585 | D:3      | Reached XP level 4. HP: 27/27 MP: 7/7
   679 | D:3      | HP: 1/27 [orc priest (4)]
   685 | D:3      | Killed from afar by an orc priest

Vault maps used:
D:1:      roderic_crop_circles_arrival_small
D:2:      minmay_lizard_king

Skill      XL: |  1  2  3 |
---------------+----------+-----
Unarmed Combat | 1 2 4 |  4.3
Dodging        | |  2.0
Stealth        | |  2.6
Spellcasting   | |  2.0
Necromancy     | |  4.0

Action                   |  1- 3 |  4- 6 || total
-------------------------+-------+-------++-------
Melee: Unarmed           |    70 |    17 ||    87
       Constrict         |    22 |     6 ||    28
       Tentacles         |    12 |     1 ||    13
       Punch             |     1 |     1 ||     2
 Cast: Animate Skeleton  |     9 |     3 ||    12
       Pain              |     4 |       ||     4
       Regeneration      |     1 |     1 ||     2
  Use: Potion            |       |     1 ||     1
 Stab: Sleeping          |     6 |     1 ||     7
Armor: Skin              |     4 |       ||     4
Dodge: Dodged            |    40 |    11 ||    51
